 Dungeon Crawl Stone Soup version 0.18.1-6-gd335043 (webtiles) character file.

1628 HungrySpirit the Basher (level 8, -1/75 HPs)
             Began as an Ogre Arcane Marksman on May 15, 2016.
             Slain by a spriggan baker
             ... wielding a +0 dagger
              (12 damage)
             ... on level 6 of the Dungeon.
             The game lasted 00:14:10 (7232 turns).

HungrySpirit the Basher (Ogre Arcane Marksman)      Turns: 7232, Time: 00:14:10

Health: -1/75      AC:  4    Str: 19    XL:     8   Next: 97%
Magic:  27/27      EV: 10    Int: 14    God:
Gold:   357        SH:  0    Dex:  9    Spells: 1 memorised, 8 levels left

rFire  . . .     SeeInvis .     y - +0 giant club
rCold  . . .     Gourm    .     C - +1 robe of Omission {rPois MP+9 Int+2}
rNeg   . . .     Faith    .     (shield currently unavailable)
rPois  +         Spirit   .     (helmet restricted)
rElec  .         Dismiss  .     (no cloak)
rCorr  .         Reflect  .     (gloves unavailable)
SustAt +         Harm     .     (boots unavailable)
MR     .....                    (no amulet)
Stlth  +.........               K - ring of magical power
                                p - ring of sustain attributes

@: flying, very slightly contaminated, hasted, invisible, very quick, not
resistant to hostile enchantments, very unstealthy
A: unfitting armour, tough skin 1
a: no special abilities


You were on level 6 of the Dungeon.
You were not hungry.

You visited 1 branch of the dungeon, and saw 7 of its levels.

You collected 357 gold pieces.

Inventory:

Hand Weapons
 c - a +0 whip
 g - a +2 dagger of venom
 y - a +0 giant club (weapon)
Missiles
 a - 3 throwing nets
 M - 2 large rocks (quivered)
Armour
 C - the +1 robe of Omission (worn) {rPois MP+9 Int+2}
   (You found it on level 4 of the Dungeon)

   It affects your intelligence (+2).
   It protects you from poison.
   It affects your magic capacity (+9).
Jewellery
 p - a ring of sustain attributes (left hand)
 K - a ring of magical power (right hand)
Wands
 k - a wand of paralysis (8/24)
 E - a wand of disintegration (13/24)
Scrolls
 i - a scroll of fear
 j - a scroll of magic mapping {unknown}
 n - 2 scrolls of fog {unknown}
 q - 3 scrolls of identify
 r - 3 scrolls of blinking {unknown}
 t - a scroll of noise {unknown}
 v - 3 scrolls of remove curse {unknown}
 x - 2 scrolls of teleportation {unknown}
 D - 2 scrolls of amnesia {unknown}
 H - a scroll of recharging {unknown}
Potions
 d - a potion of might
 e - a potion of haste
 h - a potion of curing
 l - a potion of flight
 z - a potion of degeneration {unknown}
 A - 3 potions of resistance {unknown}
 B - 5 potions of heal wounds {unknown}
 F - a potion of cancellation {unknown}
 G - a potion of lignification {unknown}
 I - a potion of brilliance {unknown}
Books
 b - a book of Debilitation

   Spells                             Type                      Level
   a - Corona                         Hexes                        1
   b - Slow                           Hexes                        2
   c - Gell's Gravitas                Hexes/Translocation          3
   d - Inner Flame                    Hexes/Fire                   3
   e - Cause Fear                     Hexes                        4
   f - Leda's Liquefaction            Hexes/Earth                  4
 J - an Akashic Record

   Spells                             Type                      Level
   a - Dispersal                      Translocation                6
   b - Malign Gateway                 Summoning/Translocation      7
   c - Disjunction                    Translocation                8
   d - Controlled Blink               Translocation                8
Comestibles
 f - 8 bread rations
 m - a beef jerky
 o - 3 meat rations
 u - a slice of pizza
 w - a fruit
 L - 4 chunks of flesh


   Skills:
 + Level 3.0 Fighting
 * Level 13.2 Maces & Flails
 - Level 2.5 Throwing
 - Level 1.7 Dodging
 - Level 1.2 Spellcasting
 - Level 2.1 Hexes


You had 8 spell levels left.
You knew the following spells:

 Your Spells              Type           Power        Failure   Level  Hunger
a - Corona                Hex            #......      14%         1    ##.....


Dungeon Overview and Level Annotations

Branches:
Dungeon (7/15)
 Temple: D:4-7

Altars:
Elyvilon
Qazlal
Ru

Shops:
D:5 }


Innate Abilities, Weirdness & Mutations

You are too large for most types of armour.
You have tough skin (AC +1).


Message History

* * * LOW HITPOINT WARNING * * *
Drink which item? (? for menu, Esc to quit)
You feel better.
The spriggan baker hits you with a dagger!
* * * LOW HITPOINT WARNING * * *
Drink which item? (? for menu, Esc to quit)
It was a potion of haste.
You feel yourself speed up.
The spriggan baker hits you but does no damage.
You are very lightly contaminated with residual magic.
Drink which item? (? for menu, Esc to quit)
Okay, then.
Drink which item? (? for menu, Esc to quit)
It was a potion of flight.
You feel very buoyant.
You fly up into the air.
Drink which item? (? for menu, Esc to quit)
It was a potion of invisibility.
You fade into invisibility!
The spriggan baker hits you with a dagger!
You die...

#.### ##........###.# #..#
##....##### #.# ##.##
#.....# #.# #..# ##.....#
#.#### ##.## #......#
#..#.## #..###.....>#
##.....## ####.##.......#
####.......#
..##..#.......###...#......#
#.###........#hi@.##.......#
...............#####.......#
...###)......### #..>.....#
...# #......### ##########
..## #........# ..#
#........# #.# #.#.....##
..# ##.##..### ..###.###.##


You could see a spriggan baker and a jackal.

Vanquished Creatures
  The ghost of namelastname112 the Conjurer, an amateur DrIE (D:4)
  Edmund (D:6)
  An ice beast (D:6)
  A black bear (D:6)
  4 ogres
  A phantom (D:6)
  A centaur (D:5)
  2 giant frogs (D:6)
  3 hounds (D:4)
  A centaur skeleton (D:5)
  3 orc priests
  An orc wizard (D:4)
  4 worker ants
  A worker ant zombie (D:5)
  5 gnolls
  4 adders
  A river rat (D:4)
  A shadow imp (D:5)
  An ooze (D:2)
  An adder skeleton (D:4)
  2 dart slugs
  5 worms
  6 giant geckos
  12 orcs
  A ball python (D:2)
  7 giant cockroaches
  5 goblins
  3 hobgoblins
  19 jackals
  4 quokkas
  9 bats
  A giant gecko skeleton (D:4)
  3 giant newts
  3 kobolds
  12 rats
130 creatures vanquished.

Notes
Turn   | Place    | Note
--------------------------------------------------------------
     0 | D:1      | HungrySpirit the Ogre Arcane Marksman began the quest for the Orb.
     0 | D:1      | Reached XP level 1. HP: 19/19 MP: 2/2
    81 | D:1      | Reached XP level 2. HP: 28/28 MP: 3/3
   157 | D:1      | Reached skill level 1 in Maces & Flails
   570 | D:1      | Reached XP level 3. HP: 31/35 MP: 4/4
   575 | D:1      | Reached skill level 2 in Maces & Flails
  1101 | D:2      | Reached skill level 3 in Maces & Flails
  1314 | D:2      | Reached XP level 4. HP: 34/42 MP: 5/5
  1401 | D:2      | Reached skill level 4 in Maces & Flails
  2094 | D:3      | Reached skill level 5 in Maces & Flails
  2095 | D:3      | Reached XP level 5. HP: 49/49 MP: 6/6
  2958 | D:3      | Reached skill level 6 in Maces & Flails
  3095 | D:3      | Found a stormy altar of Qazlal.
  3112 | D:4      | Noticed an ogre
  3115 | D:4      | Killed an ogre
  3115 | D:4      | Reached skill level 7 in Maces & Flails
  3115 | D:4      | Reached XP level 6. HP: 57/57 MP: 7/7
  3238 | D:4      | Noticed namelastname112's ghost (amateur DrIE)
  3430 | D:4      | Reached skill level 8 in Maces & Flails
  3504 | D:4      | Reached XP level 7. HP: 55/65 MP: 8/8
  3607 | D:4      | Got a shimmering robe
  3608 | D:4      | Identified the +1 robe of Omission {rPois MP+9 Int+2} (You found it on level 4 of the Dungeon)
  3643 | D:4      | Killed namelastname112's ghost
  3643 | D:4      | Reached skill level 9 in Maces & Flails
  3906 | D:4      | Found a glowing drain.
  4107 | D:4      | Reached skill level 10 in Maces & Flails
  4167 | D:5      | Entered Level 5 of the Dungeon
  4226 | D:5      | Found a sacrificial altar of Ru.
  4778 | D:5      | Reached XP level 8. HP: 57/72 MP: 9/9
  4861 | D:5      | Found Galuampeb's Gadget Boutique.
  5062 | D:5      | Reached skill level 11 in Maces & Flails
  5894 | D:6      | Found a white marble altar of Elyvilon.
  6106 | D:6      | Reached skill level 12 in Maces & Flails
  6461 | D:6      | Noticed Edmund
  6474 | D:6      | Killed Edmund
  6696 | D:6      | Reached skill level 13 in Maces & Flails
  7199 | D:7      | Noticed a spriggan baker
  7232 | D:6      | Slain by a spriggan baker

Skill      XL: |  1  2  3  4  5  6  7  8 |
---------------+-------------------------+-----
Fighting       | 2 3 |  3.0
Maces & Flails | 1 3 5 7 8 10 13 | 13.2
Throwing       | |  2.5
Dodging        | |  1.7
Spellcasting   | |  1.2
Hexes          | |  2.1

Action                   |  1- 3 |  4- 6 |  7- 9 || total
-------------------------+-------+-------+-------++-------
Melee: Unarmed           |     5 |       |       ||     5
       Whip              |   135 |   132 |   146 ||   413
       Dagger            |       |       |   145 ||   145
       Giant club        |       |       |     8 ||     8
Throw: Large rock        |     8 |    25 |    29 ||    62
       Throwing net      |     1 |     1 |     1 ||     3
  Use: Potion            |       |     4 |     5 ||     9
       Scroll            |       |       |     2 ||     2
 Stab: Held in net/web   |     1 |       |       ||     1
  Eat: Chunk             |     1 |     7 |    12 ||    20
Armor: Robe              |    63 |    16 |    68 ||   147
Dodge: Dodged            |    78 |    64 |   117 ||   259
